 Dungeon Crawl Stone Soup version 0.23.1 (webtiles) character file.

Game seed: 0

5817 Yunesin the Cleaver (level 10, -2/91 HPs)
             Began as a Minotaur Berserker on Mar 13, 2019.
             Was a High Priest of Trog.
             Slain by a basilisk (3 damage)
             ... on level 9 of the Dungeon.
             The game lasted 00:39:19 (6787 turns).

Yunesin the Cleaver (Minotaur Berserker)            Turns: 6787, Time: 00:39:20

Health: -2/91      AC: 13    Str: 23 (24) XL:     10   Next: 51%
Magic:  9/9        EV: 16    Int:  4      God:    Trog [*****.]
Gold:   249        SH:  4    Dex: 15 (17) Spells: 9/9 levels left

rFire    . . .     SeeInvis .   p - +1 war axe
rCold    . . .     Gourm    .   (no shield)
rNeg     + . .     Faith    .   k - +1 chain mail
rPois    .         Spirit   .   (helmet restricted)
rElec    .         Reflect  +   s - scarf {repulsion}
rCorr    .         Harm     .   u - +0 pair of gloves
MR       .....                  (no boots)
Stlth    ..........             A - +4 amulet of reflection
HPRegen  0.25/turn              z - +3 ring of dexterity
MPRegen  0.11/turn              D - ring "Pueset" {rN+ EV+5 Dex+3}

@: lethally poisoned (-2 -> -3), berserk cooldown, slowed, repel missiles, very
slow
A: retaliatory headbutt, horns 2
a: Berserk, Trog's Hand, Brothers in Arms, Renounce Religion


You were on level 9 of the Dungeon.
You worshipped Trog.
Trog was extremely pleased with you.
You were not hungry.

You visited 1 branch of the dungeon, and saw 9 of its levels.

You collected 437 gold pieces.
You spent 188 gold pieces at shops.

Inventory:

Hand Weapons
 d - a +0 whip of freezing
 l - a +1 whip of venom
 p - a +1 war axe (weapon)
 y - a +2 flail of holy wrath
 L - a +7 fustibalus of flaming
Armour
 k - a +1 chain mail (worn)
 s - a scarf of repulsion (worn)
 u - a +0 pair of gloves (worn)
Jewellery
 z - a +3 ring of dexterity (left hand)
 A - a +4 amulet of reflection (around neck)
 D - the ring "Pueset" (right hand) {rN+ EV+5 Dex+3}
   (You found it on level 5 of the Dungeon)

   [ring of evasion]

   It affects your evasion (+5).
   It affects your dexterity (+3).
   It protects you from negative energy.
 F - a cursed -3 ring of intelligence {unknown}
 I - an uncursed ring of poison resistance
Wands
 h - a wand of polymorph (14)
 n - a wand of paralysis (9)
 q - a wand of iceblast (23)
 r - a wand of random effects (18)
 v - a wand of flame (23)
 B - a wand of disintegration (22)
Scrolls
 b - 3 scrolls of fog
 e - 4 scrolls of enchant weapon
 f - 5 scrolls of remove curse
 g - 2 scrolls of amnesia
 m - 6 scrolls of identify
 t - 2 scrolls of immolation {unknown}
 C - a scroll of enchant armour
 E - a scroll of random uselessness {unknown}
 G - a scroll of blinking {unknown}
Potions
 a - 2 potions of curing
 i - 4 potions of brilliance
 j - a potion of degeneration
 o - a potion of flight
 w - 2 potions of resistance
 x - a potion of ambrosia
 H - a potion of cancellation
 J - a potion of berserk rage
Comestibles
 c - 14 rations
 K - 4 chunks of flesh


   Skills:
 + Level 9.5 Fighting
 + Level 13.2(13.3) Axes
 - Level 2.8(9.2) Maces & Flails
 - Level 0.3 Slings
 + Level 9.1 Armour
 + Level 4.5 Dodging
 - Level 0.1 Stealth


You had 9 spell levels left.
You didn't know any spells.
Your spell library contained the following spells:

 Spells                   Type           Power        Failure   Level  Hunger
 Blink                    Tloc           N/A          99%         2    ###....
 Shroud of Golubria       Chrm/Tloc      #.........   99%         2    ###....
 Gell's Gravitas          Tloc           #.........   100%        3    ####...
 Lesser Beckoning         Tloc           #.........   100%        3    ####...
 Teleport Other           Tloc           #.......     100%        3    ####...
 Passage of Golubria      Tloc           N/A          100%        4    #####..


Dungeon Overview and Level Annotations

Branches:
Dungeon (9/15)             Temple (0/1) D:7            Lair (0/6) D:9
    Orc: D:9-12

Altars:
Ashenzari
Cheibriados
Dithmenos
Ru
Trog
Uskayaw
Yredelemnul
Zin

Shops:
D:3 *   D:5 =

Portals:
Bailey: D:9

Annotations:
D:2 Natasha
D:5 2 runed translucent doors


Innate Abilities, Weirdness & Mutations

You reflexively headbutt those who attack you in melee.
You have a pair of horns on your head.


Message History

The scorpion stings you but does no damage.
The basilisk barely misses you. You furiously retaliate!
You headbutt the basilisk. You miss the sky beast.
The sky beast is severely wounded.
You hit the basilisk but do no damage. You hit the black bear.
You hit the crocodile but do no damage. You closely miss the porcupine.
You hit the hornet. You closely miss the scorpion.
* * * LOW HITPOINT WARNING * * *
You feel sick.
The porcupine bites you but does no damage.
The hornet barely misses you. You furiously retaliate!
You headbutt the hornet, but do no damage.
The black bear closely misses you. x2; The black bear misses you.
The crocodile closely misses you. You furiously retaliate!
You headbutt the crocodile! The sky beast barely misses you.
The porcupine completely misses you. You furiously retaliate!
You headbutt the porcupine! The scorpion misses you. The hornet misses you.
The basilisk bites you.
You die...

# .... # .... #
..... . # .....
.. # ....######
... #
..#....#.... #
#####ys♣.......
#####
#....r@Yh......
#....
#....thl.......
#....
#.....5.P.♣....
#....
#....P...!.PP..
#....
#..P......P....
#.... #.P...
#....
.......PP♣.P....
#....
##PP....P...P..
#....


You could see a basilisk, a hornet, a crocodile, a black bear, a sky beast, a
wolf, a scorpion, a porcupine and a crimson imp.

Vanquished Creatures
  Pikel (D:5)
  A troll (D:8)
  A hornet (D:7)
  A hippogriff (D:8)
  A vampire (D:9)
  A wyvern (D:8)
  5 yaks (D:8)
  A hungry ghost (D:7)
  A porcupine (D:9)
  Duvessa (D:5)
  3 ice beasts
  An orc warrior (D:6)
  2 sky beasts
  2 black bears
  2 ogres
  3 wolves (D:9)
  5 centaurs
  A crocodile (D:9)
  4 bullfrogs
  Dowan (D:5)
  3 scorpions
  6 killer bees (D:8)
  A crimson imp (D:8)
  7 hounds
  A jelly (D:8)
  6 orc wizards
  An orc priest (D:6)
  A bullfrog skeleton (D:8)
  Natasha (D:2)
  4 iguanas
  3 worker ants
  Terence (D:2)
  2 killer bee zombies
  A mummy (D:8)
  A worker ant zombie (D:5)
  Robin (D:2)
  4 gnolls (D:5)
  9 adders
  A shadow imp (D:6)
  An ooze (D:1)
  2 adder zombies
  8 worms
  A dart slug (D:1)
  6 leopard geckos
  23 orcs
  4 ball pythons
  6 bats
  10 giant cockroaches
  13 hobgoblins
  8 jackals
  6 frilled lizards
  A giant cockroach zombie (D:1)
  13 goblins
  A goblin zombie (D:8)
  A jackal skeleton (D:5)
  5 kobolds
  A leopard gecko skeleton (D:8)
  An orc zombie (D:8)
  2 quokka zombies
  9 rats
214 creatures vanquished.

Vanquished Creatures (others)
  A plant (D:9)
1 creature vanquished.

Grand Total: 215 creatures vanquished

Notes
Turn   | Place    | Note
-------+----------+-------------------------------------------
     0 | D:1      | Yunesin the Minotaur Berserker began the quest for the Orb.
     0 | D:1      | Reached XP level 1. HP: 19/19 MP: 0/0
   128 | D:1      | Reached XP level 2. HP: 27/27 MP: 1/1
   250 | D:1      | Reached skill level 4 in Axes
   597 | D:2      | Reached XP level 3. HP: 29/34 MP: 2/2
   614 | D:2      | Noticed Terence
   622 | D:2      | Killed Terence
  1009 | D:2      | Reached XP level 4. HP: 41/41 MP: 3/3
  1019 | D:2      | Reached ** piety under Trog
  1109 | D:2      | Found a shattered altar of Ashenzari.
  1262 | D:2      | Reached skill level 5 in Fighting
  1262 | D:2      | Reached skill level 1 in Maces & Flails
  1382 | D:2      | Noticed Robin
  1404 | D:2      | Noticed Natasha
  1411 | D:2      | Killed Robin
  1419 | D:2      | Killed Natasha
  1419 | D:2      | Reached XP level 5. HP: 40/48 MP: 4/4
  1857 | D:2      | Noticed Natasha
  1978 | D:2      | Found a snail-covered altar of Cheibriados.
  2155 | D:3      | Found a bloodstained altar of Trog.
  2170 | D:3      | Found Zin's Purification Station.
  2180 | D:3      | Found a glowing silver altar of Zin.
  2256 | D:3      | Reached *** piety under Trog
  2676 | D:4      | Found a basalt altar of Yredelemnul.
  2784 | D:4      | You fall through a shaft for 2 floors!
  2805 | D:6      | Reached skill level 5 in Axes
  2805 | D:6      | Reached XP level 6. HP: 45/56 MP: 5/5
  3144 | D:6      | Noticed a sky beast
  3153 | D:6      | Killed a sky beast
  3202 | D:6      | Reached skill level 6 in Axes
  3256 | D:6      | Reached XP level 7. HP: 61/62 MP: 6/6
  3349 | D:6      | Reached skill level 7 in Axes
  3432 | D:6      | Reached **** piety under Trog
  3432 | D:6      | Reached skill level 5 in Armour
  3449 | D:6      | Found a sacrificial altar of Ru.
  3449 | D:6      | Found a hide-covered altar of Uskayaw.
  3515 | D:6      | Found a basalt altar of Yredelemnul.
  3720 | D:5      | Entered Level 5 of the Dungeon
  3802 | D:5      | Reached XP level 8. HP: 71/71 MP: 7/7
  3856 | D:5      | Noticed Dowan
  3857 | D:5      | Noticed Duvessa
  3860 | D:5      | Killed Duvessa
  3860 | D:5      | Reached skill level 8 in Axes
  3875 | D:5      | Killed Dowan
  3877 | D:5      | Found Idweuren's Jewellery Shop.
  3883 | D:5      | Bought a +3 ring of dexterity for 188 gold pieces
  4237 | D:5      | Noticed Pikel
  4245 | D:5      | Killed Pikel
  4245 | D:5      | Reached skill level 9 in Axes
  4313 | D:5      | Found a large runed translucent door.
  4314 | D:5      | Found a large runed translucent door.
  4393 | D:5      | Found a large runed translucent door.
  4393 | D:5      | Found a large runed translucent door.
  4401 | D:5      | Reached skill level 10 in Axes
  4401 | D:5      | Reached XP level 9. HP: 79/79 MP: 8/8
  4408 | D:5      | Got a glittering brass ring
  4441 | D:5      | Identified the ring "Pueset" {rN+ EV+5 Dex+3} (You found it
                  | on level 5 of the Dungeon)
  4791 | D:4      | Got a brightly glowing ring mail
  4803 | D:4      | Identified the cursed +1 ring mail "Wuckadde" {rElec Int-3
                  | SInv} (You found it on level 4 of the Dungeon)
  5199 | D:7      | Reached ***** piety under Trog
  5318 | D:7      | Found a staircase to the Ecumenical Temple.
  5347 | D:7      | Reached skill level 11 in Axes
  5819 | D:8      | Received a gift from Trog
  5820 | D:8      | Reached skill level 12 in Axes
  5821 | D:8      | Reached XP level 10. HP: 90/90 MP: 9/9
  6242 | D:8      | Found a sand-covered staircase.
  6305 | D:8      | Found a shadowy altar of Dithmenos.
  6713 | D:9      | Reached skill level 13 in Axes
  6737 | D:9      | Found a flagged portal.
  6766 | D:9      | Found a staircase to the Lair.
  6784 | D:9      | HP: 2/91 [porcupine (8)]
  6787 | D:9      | Slain by a basilisk

Skill      XL: |  1  2  3  4  5  6  7  8  9 10 |
---------------+-------------------------------+-----
Fighting       | 4 5 6 7 8 9 |  9.5
Axes           | 4 5 6 7 10 12 13 | 13.2
Armour         | 3 4 5 7 8 9 |  9.1
Maces & Flails | 2 |  2.8
Dodging        | 3 4 |  4.5
Slings         | |  0.3
Stealth        | |  0.1

Action                   |  1- 3 |  4- 6 |  7- 9 | 10-12 || total
-------------------------+-------+-------+-------+-------++-------
Melee: Hand axe          |    50 |       |       |       ||    50
       Headbutt          |    11 |    19 |    41 |    19 ||    90
       Whip              |     8 |    85 |       |       ||    93
       War axe           |       |    73 |   180 |    79 ||   332
Invok: Berserk           |     4 |     4 |     4 |     2 ||    14
  Use: Scroll            |       |     5 |     3 |       ||     8
       Potion            |       |     3 |       |     8 ||    11
  Eat: Chunk             |     3 |    12 |    14 |     4 ||    33
       Ration            |       |       |       |     1 ||     1
Armor: Animal skin       |     4 |     1 |       |       ||     5
       Ring mail         |       |     8 |       |       ||     8
       Chain mail        |       |    49 |    66 |    88 ||   203
Dodge: Dodged            |    39 |    78 |    99 |    97 ||   313
       Deflected         |       |       |     2 |     3 ||     5
Block: Other             |       |       |     9 |    18 ||    27
